 Dungeon Crawl Stone Soup version 0.29-a0-350-g7790a0e70a (webtiles) character file.

Game seed: 6033193566587335297

103034 spaghetti the Eclecticist (level 16, -2/122 HPs)
             Began as a Gnoll Wanderer on Apr 23, 2022.
             Was the Champion of Cheibriados.
             Slain by a titanic slime creature (81 damage)
             ... on level 14 of the Dungeon.
             The game lasted 01:05:12 (32514 turns).

spaghetti the Eclecticist (Gnoll Wanderer)         Turns: 32514, Time: 01:05:13

Health: -2/122     AC: 14    Str: 27    XL:     16   Next: 34%
Magic:  21/35      EV: 21    Int: 36    God:    Cheibriados [******]
Gold:   1079       SH:  8    Dex: 25    Spells: 13/45 levels left

rFire   . . .      SeeInvis .   b - +1 demon whip (venom) {mace}
rCold   . . .      Faith    +   j - +0 buckler
rNeg    . . .      Spirit   .   C - +0 steam dragon scales
rPois   .          Reflect  .   W - +1 hat {Will+}
rElec   .          Harm     .   (no cloak)
rCorr   .          Rampage  .   I - +2 pair of gloves
Will    +++..                   s - +1 pair of boots {Fly}
Stlth   +++++.....              E - amulet of faith {!P}
HPRegen 0.30/turn               q - ring of wizardry
MPRegen 0.24/turn               N - ring "Jaresosm" {Wiz Will+}

@: flying, very slow
A: fangs 1, strong nose, distributed training, talons 1, screaming 1
a: Renounce Religion, Bend Time, Temporal Distortion, Slouch, Step From Time


You were on level 14 of the Dungeon.
You worshipped Cheibriados.
Cheibriados was exalted by your worship.
You visited 3 branches of the dungeon, and saw 21 of its levels.

You collected 1349 gold pieces.
You spent 270 gold pieces at shops.


Innate Abilities, Weirdness & Mutations

You have very sharp teeth.
Your uncanny sense of smell can sniff out nearby items.
Your experience applies equally to all skills.
You have sharp toenails.
You occasionally shout uncontrollably at your foes.


   Skills:
 + Level 10.3 Fighting
 + Level 10.3 Short Blades
 + Level 10.3 Long Blades
 + Level 10.3 Axes
 + Level 10.3 Maces & Flails
 + Level 10.3 Polearms
 + Level 10.3 Staves
 + Level 10.3 Slings
 + Level 10.3 Bows
 + Level 10.3 Crossbows
 + Level 10.6 Throwing
 + Level 10.3 Armour
 + Level 10.3 Dodging
 + Level 10.3 Stealth
 + Level 10.3 Shields
 + Level 10.3 Unarmed Combat
 + Level 15.0 Spellcasting
 + Level 10.2 Conjurations
 + Level 8.6 Hexes
 + Level 8.6 Summonings
 + Level 8.6 Necromancy
 + Level 8.6 Translocations
 + Level 8.6 Transmutations
 + Level 8.6 Fire Magic
 + Level 8.6 Ice Magic
 + Level 8.6 Air Magic
 + Level 8.6 Earth Magic
 + Level 8.6 Poison Magic
 + Level 11.2 Invocations
 + Level 10.3 Evocations


You had 13 spell levels left.
You knew the following spells:

 Your Spells              Type           Power      Damage    Failure   Level
a - Foxfire               Conj/Fire      100%       2x1d9     1%          1
b - Stone Arrow           Conj/Erth      100%       3d13      1%          3
c - Tukima's Dance        Hex            73%        N/A       1%          3
d - Lightning Bolt        Conj/Air       38%        1d56      1%          5
e - Summon Forest         Summ/Tloc      36%        N/A       1%          5
f - Eringya's Noxious Bo  Tmut/Pois      36%        N/A       2%          6
g - Summon Hydra          Summ           36%        N/A       11%         7
h - Sublimation of Blood  Necr           73%        N/A       1%          2

Your spell library contained the following spells:

 Spells                   Type           Power      Damage    Failure   Level
 Animate Skeleton         Necr           100%       N/A       1%          1
 Freeze                   Ice            100%       1d11      1%          1
 Pain                     Necr           100%       1d9       1%          1
 Shock                    Conj/Air       100%       1d9       1%          1
 Sting                    Tmut/Pois      100%       1d8       1%          1
 Poisonous Vapours        Pois/Air       100%       N/A       1%          2
 Static Discharge         Conj/Air       76%        N/A       1%          2
 Call Canine Familiar     Summ           73%        N/A       1%          3
 Portal Projectile        Hex/Tloc       100%       N/A       1%          3
 Vampiric Draining        Necr           73%        2d11      1%          3
 Anguish                  Hex/Necr       36%        N/A       1%          4
 Leda's Liquefaction      Hex/Erth       36%        N/A       1%          4
 Olgreb's Toxic Radiance  Pois           73%        N/A       1%          4
 Petrify                  Tmut/Erth      73%        N/A       1%          4
 Fireball                 Conj/Fire      38%        3d16      1%          5
 Irradiate                Conj/Tmut      38%        3d26      1%          5
 Starburst                Conj/Fire      38%        6d11      1%          6
 Enfeeble                 Hex            36%        N/A       11%         7
 Ignition                 Fire           36%        3d11      58%         8
 Maxwell's Capacitive Co  Air            36%        ∞         58%         8

Inventory:

Hand Weapons
 a - the +7 sceptre of Torment {pain, torment}
   (You found it on level 3 of the Lair of Beasts)

   In the hands of one skilled in necromantic magic, it inflicts extra damage on
   living creatures.
   It occasionally torments all nearby living foes when it strikes in combat.
 b - a +1 demon whip of venom (weapon) {mace}
   (You took it off Amaemon on level 2 of the Lair of Beasts)
Missiles
 d - 2 throwing nets {=f!fthrowing}
 e - 743 stones (quivered) {throwing}
 v - 30 poisoned darts {throwing}
 M - 18 boomerangs {throwing}
 S - 7 javelins {throwing}
Armour
 j - a +0 buckler (worn)
   (You found it on level 1 of the Dungeon)
 s - a +1 pair of boots of flying (worn)
   (You found it on level 10 of the Dungeon)
 C - +0 steam dragon scales (worn)
   (You found it on level 6 of the Dungeon)
 I - a +2 pair of gloves (worn)
   (You found it on level 7 of the Dungeon)
 W - a +1 hat of willpower (worn)
   (You took it off Gastronok on level 12 of the Dungeon)
Jewellery
 q - a ring of wizardry (left hand)
   (You found it on level 2 of the Dungeon)
 E - an amulet of faith (around neck) {!P}
   (You found it on level 6 of the Dungeon)
 N - the ring "Jaresosm" (right hand) {Wiz Will+}
   (You took it off a spriggan on level 6 of the Lair of Beasts)

   [ring of wizardry]

   It improves your spell success rate.
   Will:      It increases your willpower.
Wands
 i - a wand of digging (3)
   (You found it on level 9 of the Dungeon)
 t - a wand of iceblast (25)
   (You found it on level 8 of the Dungeon)
 u - a wand of mindburst (8)
   (You found it on level 3 of the Dungeon)
 w - a wand of polymorph (16)
   (You found it on level 8 of the Dungeon)
 y - a wand of paralysis (8)
   (You took it off an orc wizard on level 13 of the Dungeon)
 H - a wand of flame (14)
   (You found it on level 7 of the Dungeon)
 Q - a wand of acid (9)
   (You found it on level 10 of the Dungeon)
Scrolls
 c - 6 scrolls of teleportation {@r4}
 g - 8 scrolls of enchant weapon
 h - 3 scrolls of vulnerability {!r!r}
 o - 2 scrolls of blinking {!r}
 p - 8 scrolls of amnesia
 r - 3 scrolls of magic mapping {!r}
 z - a scroll of holy word
 A - a scroll of enchant armour
 D - 3 scrolls of fog
 F - 4 scrolls of immolation {!r!r}
 G - 2 scrolls of identify {@r1}
 K - a scroll of silence {!r}
 V - 3 scrolls of fear
Potions
 f - 5 potions of ambrosia
 k - a potion of cancellation
 l - 2 potions of heal wounds {@q2}
 m - 2 potions of resistance
 n - 6 potions of curing {@q1}
 x - a potion of brilliance
 B - 4 potions of might
 J - a potion of invisibility
 L - 2 potions of attraction {!q}
 P - a potion of berserk rage {!q}
 U - 3 potions of magic
 X - 2 potions of lignification {!q}
Miscellaneous
 O - a box of beasts
   (You found it on level 3 of the Lair of Beasts)

Dungeon Overview and Level Annotations

Branches:
Dungeon (14/15)            Temple (1/1) D:5            Lair (6/6) D:8
 Shoals (0/4) Lair:3        Snake (0/4) Lair:4        Slime (0/5) Lair:5
    Orc (0/2) D:11         Vaults (0/5) D:13

Altars:
Ashenzari
Cheibriados
Dithmenos
Elyvilon
Fedhas
Gozag
Hepliaklqana
Kikubaaqudgha
Makhleb
Nemelex Xobeh
Okawaru
Qazlal
Ru
Sif Muna
Trog
Uskayaw
Vehumet
Wu Jian
Xom
Yredelemnul
Zin
The Shining One
Beogh
Lugonu

Shops:
D:10 ?

Portals:
Abyss: Lair:6
Trove: D:12 (give 2 scrolls of acquirement)

Annotations:
D:6 exclusion: electric eel
Lair:6 2 transporters, Olebroam's ghost, journeyman OgIE

##.................#
#...☼
#.#.#.#.###'#######
#.☼§○ #.......# #..#
#.... # #...#####
##.## #....
########'### #..#
##### '...#...).###
####'##### ≈....
###.#.....+...
#.D......######## #
#.'.....#
#..##........#.##....
# ###.....#
#.J@D....<..+.##.§..
# #.....#
####..........##.§°.
# #.....#
##########.##....
#.....# #.##....
#.....# #.######
####### #.######
#....... ########


You could see a titanic slime creature (very poisoned, ally target), a friendly
eight-headed hydra (summoned) and a friendly seven-headed hydra (summoned).


Message History

You take 2 damage, and now have 116/122 hp.
Unknown command.
Casting: Summon Hydra (dangerous; 11% risk of failure)
Confirm with . or Enter, or press ? or * to list all spells.
You don't have enough magic to cast this spell.
Unknown command.
You whack the basilisk!
The basilisk is poisoned.
You bite the basilisk. You block the basilisk's attack.
You closely miss the basilisk. 😕 HP[+1] MP[+1]
You closely miss the basilisk.
You bite the basilisk, but do no damage.
The basilisk gazes at you. You resist with almost no effort.
You whack the basilisk!
The basilisk looks as sick as possible!
The basilisk gazes at you. You resist with almost no effort.
Casting: Summon Hydra (dangerous; 11% risk of failure)
Confirm with . or Enter, or press ? or * to list all spells.
You don't have enough magic to cast this spell.
Unknown command.
You whack the basilisk!
You kill the basilisk!
Cheibriados appreciates the change of pace.
Your magical contamination has completely faded away. 😎 HP[+5] MP[+8]
Your hp is fully restored (122).
You regained 8 mp, and now have 14/35 mp.
There is an open door, spattered with blood here.
You see here a basilisk corpse.
You see here a +0 pair of gloves.
Key pressed, stopping explore.
Key pressed, stopping explore.
Key pressed, stopping explore.
Key pressed, stopping explore.
Unknown command. 😎 MP[+21]
Your mp is fully restored (35).
e - 743 stones {throwing} (gained 13) Key pressed, stopping explore.
You reach down and open the door.
There is an open door here.
You reach down and open the door.
There is an open door here.
Key pressed, stopping explore.
You reach down and open the door.
There is an open door here.
Key pressed, stopping explore.
You reach down and open the gate.
There is an open gate here.
Found a sparkling altar of Nemelex Xobeh.
There is a sparkling altar of Nemelex Xobeh here.
You reach down and open the gate.
There is an open gate here.
There is a stone staircase leading up here.
You reach down and open the door. 5 slime creatures come into view.
There is an open door here.
The helpless slime creature fails to defend itself.
You thrash the slime creature!!
The slime creature quivers. x2
The slime creature hits you but does no damage.
Two slime creatures merge to form a large slime creature.
You whack the large slime creature!
The large slime creature is poisoned.
Your bite misses the large slime creature.
The slime creature quivers. x2
Two slime creatures merge to form a very large slime creature.
You hit the very large slime creature. You bite the very large slime creature.
You whack the very large slime creature!
The very large slime creature looks as sick as possible!
The very large slime creature closely misses you.
Two slime creatures merge to form an enormous slime creature.
You hit the enormous slime creature. You bite the enormous slime creature.
You whack the enormous slime creature!
Two slime creatures merge to form a titanic slime creature.
You whack the titanic slime creature!
You bite the titanic slime creature, but do no damage.
You whack the titanic slime creature!
You barely miss the titanic slime creature.
The titanic slime creature misses you.
You hit the titanic slime creature. You thrash the titanic slime creature!!
You block the titanic slime creature's attack.
You whack the titanic slime creature! You bite the titanic slime creature.
The titanic slime creature hits you!!!
You are too injured to fight recklessly! 😮 HP[-44]
You take 44 damage, and now have 78/122 hp.
MASSIVE DAMAGE!! (PAUSE)
Casting: Summon Hydra (dangerous; 11% risk of failure)
Confirm with . or Enter, or press ? or * to list all spells.
A seven-headed hydra appears.
You block the titanic slime creature's attack. 😮 HP[+1] MP[-7]
You lost 7 mp, and now have 28/35 mp.
Casting: Summon Hydra (dangerous; 11% risk of failure)
Confirm with . or Enter, or press ? or * to list all spells.
An eight-headed hydra appears.
The titanic slime creature hits you!!!!
Ouch! That really hurt!
You die...

Skill      XL: |  1  2  3  4  5  6  7  8  9 10 11 12 13 14 15 16 |
---------------+-------------------------------------------------+-----
Spellcasting   | 12 13 14 15 | 15.0
Invocations    | 1 2 3 4 5 6 7 8 9 10 11 | 11.2
Fighting       | 1 2 3 4 5 6 7 8 9 10 | 10.3
Short Blades   | 1 2 3 4 5 6 7 8 9 10 | 10.3
Long Blades    | 1 2 3 4 5 6 7 8 9 10 | 10.3
Axes           | 1 2 3 4 5 6 7 8 9 10 | 10.3
Maces & Flails | 1 2 3 4 5 6 7 8 9 10 | 10.3
Polearms       | 1 2 3 4 5 6 7 8 9 10 | 10.3
Staves         | 1 2 3 4 5 6 7 8 9 10 | 10.3
Slings         | 1 2 3 4 5 6 7 8 9 10 | 10.3
Bows           | 1 2 3 4 5 6 7 8 9 10 | 10.3
Crossbows      | 1 2 3 4 5 6 7 8 9 10 | 10.3
Armour         | 1 2 3 4 5 6 7 8 9 10 | 10.3
Dodging        | 1 2 3 4 5 6 7 8 9 10 | 10.3
Stealth        | 1 2 3 4 5 6 7 8 9 10 | 10.3
Shields        | 1 2 3 4 5 6 7 8 9 10 | 10.3
Unarmed Combat | 1 2 3 4 5 6 7 8 9 10 | 10.3
Evocations     | 1 2 3 4 5 6 7 8 9 10 | 10.3
Hexes          | 1 2 3 4 5 6 7 8 |  8.6
Summonings     | 1 2 3 4 5 6 7 8 |  8.6
Necromancy     | 1 2 3 4 5 6 7 8 |  8.6
Translocations | 1 2 3 4 5 6 7 8 |  8.6
Transmutations | 1 2 3 4 5 6 7 8 |  8.6
Fire Magic     | 1 2 3 4 5 6 7 8 |  8.6
Ice Magic      | 1 2 3 4 5 6 7 8 |  8.6
Air Magic      | 1 2 3 4 5 6 7 8 |  8.6
Earth Magic    | 1 2 3 4 5 6 7 8 |  8.6
Poison Magic   | 1 2 3 4 5 6 7 8 |  8.6
Throwing       | 3 4 5 6 7 8 9 10 | 10.6
Conjurations   | 6 7 8 9 10 | 10.2

Action                   |  1- 3 |  4- 6 |  7- 9 | 10-12 | 13-15 | 16-18 || total
-------------------------+-------+-------+-------+-------+-------+-------++-------
Melee: Dagger            |   113 |     8 |    30 |   176 |       |       ||   327
       Bite              |    16 |       |     2 |    17 |    92 |    18 ||   145
       Eveningstar       |       |       |       |    13 |   307 |       ||   320
       Demon whip        |       |       |       |       |   223 |    67 ||   290
Throw: Boomerang         |     2 |       |       |     1 |     4 |       ||     7
       Stone             |       |       |       |    79 |   262 |       ||   341
 Cast: Foxfire           |    34 |   126 |   299 |    36 |    10 |       ||   505
       Tukima's Dance    |       |       |     2 |    11 |     2 |       ||    15
       Stone Arrow       |       |       |       |    73 |     7 |     1 ||    81
       Lightning Bolt    |       |       |       |    17 |    12 |       ||    29
       Eringya's Noxious |       |       |       |    12 |    12 |       ||    24
       Summon Forest     |       |       |       |    15 |    19 |     3 ||    37
       Summon Hydra      |       |       |       |       |    40 |    25 ||    65
       Sublimation of Bl |       |       |       |       |       |     1 ||     1
Invok: Step From Time    |       |       |       |       |     6 |       ||     6
       Slouch            |       |       |       |       |     6 |       ||     6
Evoke: Wand              |       |       |     1 |       |     1 |       ||     2
       Box of beasts     |       |       |       |       |     2 |       ||     2
  Use: Potion            |     2 |       |     1 |     3 |     6 |     1 ||    13
       Scroll            |       |       |    19 |     3 |    11 |     1 ||    34
 Stab: Sleeping          |     2 |     1 |       |       |     4 |     1 ||     8
       Distracted        |       |       |       |     2 |     5 |       ||     7
Armor: Robe              |    35 |     8 |    12 |       |       |       ||    55
       Steam dragon scal |       |       |    22 |   119 |   197 |     6 ||   344
       Skin              |       |       |       |    14 |       |       ||    14
Dodge: Dodged            |    52 |     7 |    51 |   153 |   563 |    30 ||   856
Block: Buckler           |     8 |     7 |    16 |    93 |   253 |    11 ||   388

Levels and vault maps discovered:
D:1:      dpeg_arrival_simpleton_a, layout_loops_corners,
          nicolae_concentric_dashed_squares_mild, minmay_nonomino_d4
D:2:      layout_rooms, hellmonk_ecumenical_altar_run_dry,
          minmay_fractal_squares_gapless_5
D:3:      layout_rooms, general_overflow_altar, nicolae_overflow_squiral,
          serial_glass, glass_columns_a, glass_columns_a, glass_columns_b,
          glass_columns_c, glass_columns_a, glass_columns_c, glass_columns_c,
          glass_columns_b, glass_columns_a, glass_columns_c, glass_columns_c,
          glass_columns_c, glass_columns_c, glass_columns_b, uniq_grinder
D:4:      layout_basic, chequers_temple_overflow_statue_of_worship,
          palyth_stone_intersect
D:5:      layout_rooms, kennysheep_mini, temple_green
D:6:      wad_lake_hut, layout_basic, mainiacjoe_overflow_boulevard
D:7:      layout_layer_cave, mainiacjoe_overflow_catwalk_spiral,
          minmay_misc_feat_nine_boxes, serial_bayou_lagoon_a
D:8:      layout_loops_ring, kiku_gazebo_pond_becter,
          grunt_lair_entry_orc_guard_hut
D:9:      nzn_winding_woodlands_stair_cross [nzn_winding_woodlands_5x15_pool,
          nzn_winding_woodlands_center_garden,
          nzn_winding_woodlands_5x15_pathside_ponds,
          nzn_winding_woodlands_5x5_perimeter, nzn_winding_woodlands_hourglass,
          nzn_winding_woodlands_5x15_concentric,
          nzn_winding_woodlands_center_lodge, nzn_winding_woodlands_5x15_twine],
          layout_loops_ring, bloody_makhleb, nicolae_overflow_crystal_walls
D:10:     layout_long_grid, serial_shops, nicolae_shop_statue_plus, uniq_joseph
D:11:     layout_basic, david_orc_5
D:12:     layout_stronghold, enter_trove_2, kennysheep_another_room,
          minivault_24, drop_trap, minivault_7, uniq_fannar, uniq_gastronok
D:13:     layout_basic, erik_vaults_1, portal_ice_cave_entry_imps,
          minmay_misc_feat_diagonals, kennysheep_nub
D:14:     layout_roguey, serial_glass, glass_columns_c, glass_columns_b,
          nemelex_altar_shiori
Temple:   corrupted_temple
Lair:1:   layout_chaotic_city
Lair:2:   layout_gridlike, gauntlet_entry_generic, minmay_lindwurm_lava,
          serial_bayou_shore_a, uniq_amaemon
Lair:3:   layout_roguey, minmay_shoals_entry_lonely_mermaid, enter_volcano_1
Lair:4:   layout_small_grid, guppyfry_snake_entry_garden
Lair:5:   layout_roguey, minmay_slime_entry_jelly_boxes, serial_bayou_shore_b,
          lemuel_fruit_fields, infiniplex_staircase_pool
Lair:6:   hellmonk_lair_end_abyssal_woods, layout_cave_shapes, basic_altar,
          gammafunk_ghost_wrathful_warriors, lemuel_fruit_tree

Notes
Turn   | Place    | Note
-------+----------+-------------------------------------------
     0 | D:1      | Reached skill level 11 in Spellcasting
     0 | D:1      | spaghetti the Gnoll Wanderer began the quest for the Orb.
     0 | D:1      | spaghetti set off with the following items: a +0 dagger
                  | {short}, 7 boomerangs {throwing}, a scroll of teleportation
                  | {@r4}, a +0 robe; and the following spells available to
                  | memorise: Foxfire, Shock, Freeze, Stone Arrow, Tukima's
                  | Dance, Vampiric Draining
     0 | D:1      | Reached XP level 1. HP: 13/13 MP: 12/12
     0 | D:1      | magus.rc [v1.9.6]
     2 | D:1      | Learned a level 1 spell: Foxfire
   497 | D:1      | Reached XP level 2. HP: 19/19 MP: 11/14
   510 | D:1      | HP: 1/20 [gnoll/+0 spear (6)]
   539 | D:1      | Reached XP level 3. HP: 3/25 MP: 5/15
   543 | D:1      | Learned a level 3 spell: Stone Arrow
   633 | D:1      | Learned a level 3 spell: Tukima's Dance
  1356 | D:1      | Reached skill level 1 in Invocations
  1822 | D:1      | HP: 8/37 [poisoned by a goblin]
  1825 | D:1      | HP: 3/25 [poisoned by a goblin]
  1841 | D:1      | HP: 2/25 [kobold/+0 whip (5)]
  1844 | D:1      | Reached skill level 1 in Fighting
  1844 | D:1      | Reached skill level 1 in Short Blades
  1844 | D:1      | Reached skill level 1 in Long Blades
  1844 | D:1      | Reached skill level 1 in Axes
  1844 | D:1      | Reached skill level 1 in Maces & Flails
  1844 | D:1      | Reached skill level 1 in Polearms
  1844 | D:1      | Reached skill level 1 in Staves
  1844 | D:1      | Reached skill level 1 in Slings
  1844 | D:1      | Reached skill level 1 in Bows
  1844 | D:1      | Reached skill level 1 in Crossbows
  1844 | D:1      | Reached skill level 1 in Armour
  1844 | D:1      | Reached skill level 1 in Dodging
  1844 | D:1      | Reached skill level 1 in Stealth
  1844 | D:1      | Reached skill level 1 in Shields
  1844 | D:1      | Reached skill level 1 in Unarmed Combat
  1844 | D:1      | Reached skill level 1 in Evocations
  2642 | D:2      | Reached XP level 4. HP: 32/32 MP: 12/17
  2976 | D:2      | Found a faded altar of an unknown god.
  3374 | D:3      | Reached skill level 1 in Hexes
  3374 | D:3      | Reached skill level 1 in Summonings
  3374 | D:3      | Reached skill level 1 in Necromancy
  3374 | D:3      | Reached skill level 1 in Translocations
  3374 | D:3      | Reached skill level 1 in Transmutations
  3374 | D:3      | Reached skill level 1 in Fire Magic
  3374 | D:3      | Reached skill level 1 in Ice Magic
  3374 | D:3      | Reached skill level 1 in Air Magic
  3374 | D:3      | Reached skill level 1 in Earth Magic
  3374 | D:3      | Reached skill level 1 in Poison Magic
  3386 | D:3      | Found a glowing golden altar of the Shining One.
  3546 | D:3      | Found a bloodstained altar of Trog.
  3625 | D:3      | Noticed Grinder
  3636 | D:3      | Killed Grinder
  3637 | D:3      | Reached skill level 2 in Fighting
  3637 | D:3      | Reached skill level 2 in Short Blades
  3637 | D:3      | Reached skill level 2 in Long Blades
  3637 | D:3      | Reached skill level 2 in Axes
  3637 | D:3      | Reached skill level 2 in Maces & Flails
  3637 | D:3      | Reached skill level 2 in Polearms
  3637 | D:3      | Reached skill level 2 in Staves
  3637 | D:3      | Reached skill level 2 in Slings
  3637 | D:3      | Reached skill level 2 in Bows
  3637 | D:3      | Reached skill level 2 in Crossbows
  3637 | D:3      | Reached skill level 3 in Throwing
  3637 | D:3      | Reached skill level 2 in Armour
  3637 | D:3      | Reached skill level 2 in Dodging
  3637 | D:3      | Reached skill level 2 in Stealth
  3637 | D:3      | Reached skill level 2 in Shields
  3637 | D:3      | Reached skill level 2 in Unarmed Combat
  3637 | D:3      | Reached skill level 2 in Invocations
  3637 | D:3      | Reached skill level 2 in Evocations
  3637 | D:3      | Reached XP level 5. HP: 38/38 MP: 2/19
  3637 | D:3      | Reached XP level 6. HP: 44/44 MP: 2/20
  4003 | D:3      | Found an iron altar of Okawaru.
  4107 | D:4      | Noticed a black bear
  4114 | D:3      | Killed a black bear
  4706 | D:4      | Found a white marble altar of Elyvilon.
  4706 | D:4      | Found a basalt altar of Yredelemnul.
  4707 | D:4      | Found a shadowy altar of Dithmenos.
  4707 | D:4      | Found a hazy altar of Hepliaklqana.
  4719 | D:4      | You pick up a book of Lightning and begin reading...
  4719 | D:4      | You add the spells Static Discharge, Lightning Bolt and
                  | Maxwell's Capacitive Coupling to your library.
  4726 | D:4      | Learned a level 5 spell: Lightning Bolt
  4873 | D:5      | Entered Level 5 of the Dungeon
  4895 | D:5      | Reached XP level 7. HP: 50/50 MP: 17/22
  4948 | D:5      | Reached skill level 2 in Hexes
  4948 | D:5      | Reached skill level 2 in Summonings
  4948 | D:5      | Reached skill level 2 in Necromancy
  4948 | D:5      | Reached skill level 2 in Translocations
  4948 | D:5      | Reached skill level 2 in Transmutations
  4948 | D:5      | Reached skill level 2 in Fire Magic
  4948 | D:5      | Reached skill level 2 in Ice Magic
  4948 | D:5      | Reached skill level 2 in Air Magic
  4948 | D:5      | Reached skill level 2 in Earth Magic
  4948 | D:5      | Reached skill level 2 in Poison Magic
  5498 | D:5      | Found a sacrificial altar of Ru.
  5600 | D:5      | Found a staircase to the Ecumenical Temple.
  5609 | D:5      | Reached skill level 3 in Invocations
  5653 | Temple   | Entered the Ecumenical Temple
  5779 | Temple   | Became a worshipper of Cheibriados the Contemplative
  6139 | D:6      | Found an ornate altar of the Wu Jian Council.
  6177 | D:6      | Reached skill level 6 in Conjurations
  6177 | D:6      | Reached XP level 8. HP: 57/57 MP: 18/23
  6259 | D:6      | Reached skill level 3 in Fighting
  6259 | D:6      | Reached skill level 3 in Short Blades
  6259 | D:6      | Reached skill level 3 in Long Blades
  6259 | D:6      | Reached skill level 3 in Axes
  6259 | D:6      | Reached skill level 3 in Maces & Flails
  6259 | D:6      | Reached skill level 3 in Polearms
  6259 | D:6      | Reached skill level 3 in Staves
  6259 | D:6      | Reached skill level 3 in Slings
  6259 | D:6      | Reached skill level 3 in Bows
  6259 | D:6      | Reached skill level 3 in Crossbows
  6259 | D:6      | Reached skill level 4 in Throwing
  6259 | D:6      | Reached skill level 3 in Armour
  6259 | D:6      | Reached skill level 3 in Dodging
  6259 | D:6      | Reached skill level 3 in Stealth
  6259 | D:6      | Reached skill level 3 in Shields
  6259 | D:6      | Reached skill level 3 in Unarmed Combat
  6259 | D:6      | Reached skill level 3 in Evocations
  6375 | D:6      | Noticed a cyclops
  6385 | D:6      | HP: 10/58 [cyclops/large rock (37)]
  6386 | D:6      | Killed a cyclops
  6661 | D:6      | Reached skill level 4 in Invocations
  6798 | D:6      | Reached skill level 3 in Hexes
  6798 | D:6      | Reached skill level 3 in Summonings
  6798 | D:6      | Reached skill level 3 in Necromancy
  6798 | D:6      | Reached skill level 3 in Translocations
  6798 | D:6      | Reached skill level 3 in Transmutations
  6798 | D:6      | Reached skill level 3 in Fire Magic
  6798 | D:6      | Reached skill level 3 in Ice Magic
  6798 | D:6      | Reached skill level 3 in Air Magic
  6798 | D:6      | Reached skill level 3 in Earth Magic
  6798 | D:6      | Reached skill level 3 in Poison Magic
  6993 | D:6      | Reached XP level 9. HP: 65/65 MP: 18/24
  7031 | D:6      | Reached * piety under Cheibriados
  7039 | D:6      | Reached skill level 12 in Spellcasting
  7171 | D:6      | Reached skill level 4 in Fighting
  7171 | D:6      | Reached skill level 4 in Short Blades
  7171 | D:6      | Reached skill level 4 in Long Blades
  7171 | D:6      | Reached skill level 4 in Axes
  7171 | D:6      | Reached skill level 4 in Maces & Flails
  7171 | D:6      | Reached skill level 4 in Polearms
  7171 | D:6      | Reached skill level 4 in Staves
  7171 | D:6      | Reached skill level 4 in Slings
  7171 | D:6      | Reached skill level 4 in Bows
  7171 | D:6      | Reached skill level 4 in Crossbows
  7171 | D:6      | Reached skill level 4 in Armour
  7171 | D:6      | Reached skill level 4 in Dodging
  7171 | D:6      | Reached skill level 4 in Stealth
  7171 | D:6      | Reached skill level 4 in Shields
  7171 | D:6      | Reached skill level 4 in Unarmed Combat
  7171 | D:6      | Reached skill level 4 in Evocations
  8157 | D:7      | Reached skill level 5 in Throwing
  8501 | D:7      | You add the spells Sting, Poisonous Vapours and Olgreb's
                  | Toxic Radiance to your library.
  8579 | D:7      | Found a blossoming altar of Fedhas.
  8584 | D:7      | Found a shimmering altar of Xom.
  8803 | D:8      | You add the spells Summon Forest, Eringya's Noxious Bog and
                  | Summon Hydra to your library.
  8823 | D:8      | Noticed a hornet
  8831 | D:8      | Killed a hornet
  8838 | D:8      | Learned a level 5 spell: Summon Forest
  8845 | D:8      | Learned a level 6 spell: Eringya's Noxious Bog
  8964 | D:8      | Reached ** piety under Cheibriados
  8974 | D:8      | Reached skill level 5 in Invocations
  8988 | D:8      | Learned a level 7 spell: Summon Hydra
  9003 | D:8      | Gained mutation: You occasionally shout uncontrollably at
                  | your foes. [potion of mutation]
  9003 | D:8      | Gained mutation: You have sharp toenails. [potion of
                  | mutation]
  9185 | D:8      | Noticed a two-headed ogre
  9347 | D:8      | Noticed a two-headed ogre
  9667 | D:8      | Reached XP level 10. HP: 73/73 MP: 17/26
  9672 | D:8      | Reached skill level 4 in Hexes
  9672 | D:8      | Reached skill level 4 in Summonings
  9672 | D:8      | Reached skill level 4 in Necromancy
  9672 | D:8      | Reached skill level 4 in Translocations
  9672 | D:8      | Reached skill level 4 in Transmutations
  9672 | D:8      | Reached skill level 4 in Fire Magic
  9672 | D:8      | Reached skill level 4 in Ice Magic
  9672 | D:8      | Reached skill level 4 in Air Magic
  9672 | D:8      | Reached skill level 4 in Earth Magic
  9672 | D:8      | Reached skill level 4 in Poison Magic
  9754 | D:8      | Reached skill level 5 in Fighting
  9754 | D:8      | Reached skill level 5 in Short Blades
  9754 | D:8      | Reached skill level 5 in Long Blades
  9754 | D:8      | Reached skill level 5 in Axes
  9754 | D:8      | Reached skill level 5 in Maces & Flails
  9754 | D:8      | Reached skill level 5 in Polearms
  9754 | D:8      | Reached skill level 5 in Staves
  9754 | D:8      | Reached skill level 5 in Slings
  9754 | D:8      | Reached skill level 5 in Bows
  9754 | D:8      | Reached skill level 5 in Crossbows
  9754 | D:8      | Reached skill level 5 in Armour
  9754 | D:8      | Reached skill level 5 in Dodging
  9754 | D:8      | Reached skill level 5 in Stealth
  9754 | D:8      | Reached skill level 5 in Shields
  9754 | D:8      | Reached skill level 5 in Unarmed Combat
  9754 | D:8      | Reached skill level 5 in Evocations
  9770 | D:8      | Killed a two-headed ogre
  9771 | D:8      | Reached skill level 7 in Conjurations
 10007 | D:8      | Found a staircase to the Lair.
 10031 | D:8      | Reached *** piety under Cheibriados
 10098 | D:8      | Killed a two-headed ogre
 10099 | D:8      | Reached skill level 6 in Throwing
 10316 | D:8      | Found an ancient bone altar of Kikubaaqudgha.
 10761 | D:8      | Reached skill level 6 in Invocations
 11186 | D:9      | Reached **** piety under Cheibriados
 11348 | D:8      | Reached XP level 11. HP: 71/81 MP: 6/27
 11452 | D:9      | Noticed a two-headed ogre
 11458 | D:9      | Killed a two-headed ogre
 11459 | D:9      | Reached skill level 6 in Fighting
 11459 | D:9      | Reached skill level 6 in Short Blades
 11459 | D:9      | Reached skill level 6 in Long Blades
 11459 | D:9      | Reached skill level 6 in Axes
 11459 | D:9      | Reached skill level 6 in Maces & Flails
 11459 | D:9      | Reached skill level 6 in Polearms
 11459 | D:9      | Reached skill level 6 in Staves
 11459 | D:9      | Reached skill level 6 in Slings
 11459 | D:9      | Reached skill level 6 in Bows
 11459 | D:9      | Reached skill level 6 in Crossbows
 11459 | D:9      | Reached skill level 6 in Armour
 11459 | D:9      | Reached skill level 6 in Dodging
 11459 | D:9      | Reached skill level 6 in Stealth
 11459 | D:9      | Reached skill level 6 in Shields
 11459 | D:9      | Reached skill level 6 in Unarmed Combat
 11459 | D:9      | Reached skill level 6 in Evocations
 11462 | D:9      | Reached skill level 5 in Hexes
 11462 | D:9      | Reached skill level 5 in Summonings
 11462 | D:9      | Reached skill level 5 in Necromancy
 11462 | D:9      | Reached skill level 5 in Translocations
 11462 | D:9      | Reached skill level 5 in Transmutations
 11462 | D:9      | Reached skill level 5 in Fire Magic
 11462 | D:9      | Reached skill level 5 in Ice Magic
 11462 | D:9      | Reached skill level 5 in Air Magic
 11462 | D:9      | Reached skill level 5 in Earth Magic
 11462 | D:9      | Reached skill level 5 in Poison Magic
 11473 | D:9      | Noticed a centaur warrior
 11610 | D:8      | Killed a centaur warrior
 11657 | D:9      | Noticed a two-headed ogre
 11955 | Lair:1   | Entered Level 1 of the Lair of Beasts
 12330 | Lair:1   | Reached ***** piety under Cheibriados
 12331 | Lair:1   | Reached skill level 7 in Invocations
 12334 | Lair:1   | Reached skill level 7 in Throwing
 12413 | Lair:1   | Noticed a six-headed hydra
 12418 | Lair:1   | Killed a six-headed hydra
 12419 | Lair:1   | Reached skill level 13 in Spellcasting
 12869 | Lair:2   | Noticed a seven-headed hydra
 12876 | Lair:2   | Killed a seven-headed hydra
 12997 | Lair:2   | Reached skill level 8 in Conjurations
 12997 | Lair:2   | Reached XP level 12. HP: 79/89 MP: 19/29
 13227 | Lair:2   | Noticed Amaemon
 13237 | Lair:2   | Killed Amaemon
 13238 | Lair:2   | Reached skill level 7 in Fighting
 13238 | Lair:2   | Reached skill level 7 in Short Blades
 13238 | Lair:2   | Reached skill level 7 in Long Blades
 13238 | Lair:2   | Reached skill level 7 in Axes
 13238 | Lair:2   | Reached skill level 7 in Maces & Flails
 13238 | Lair:2   | Reached skill level 7 in Polearms
 13238 | Lair:2   | Reached skill level 7 in Staves
 13238 | Lair:2   | Reached skill level 7 in Slings
 13238 | Lair:2   | Reached skill level 7 in Bows
 13238 | Lair:2   | Reached skill level 7 in Crossbows
 13238 | Lair:2   | Reached skill level 7 in Armour
 13238 | Lair:2   | Reached skill level 7 in Dodging
 13238 | Lair:2   | Reached skill level 7 in Stealth
 13238 | Lair:2   | Reached skill level 7 in Shields
 13238 | Lair:2   | Reached skill level 7 in Unarmed Combat
 13238 | Lair:2   | Reached skill level 7 in Evocations
 13646 | Lair:2   | Noticed an eight-headed hydra
 13657 | Lair:2   | Killed an eight-headed hydra
 13658 | Lair:2   | Reached skill level 6 in Hexes
 13658 | Lair:2   | Reached skill level 6 in Summonings
 13658 | Lair:2   | Reached skill level 6 in Necromancy
 13658 | Lair:2   | Reached skill level 6 in Translocations
 13658 | Lair:2   | Reached skill level 6 in Transmutations
 13658 | Lair:2   | Reached skill level 6 in Fire Magic
 13658 | Lair:2   | Reached skill level 6 in Ice Magic
 13658 | Lair:2   | Reached skill level 6 in Air Magic
 13658 | Lair:2   | Reached skill level 6 in Earth Magic
 13658 | Lair:2   | Reached skill level 6 in Poison Magic
 13880 | Lair:2   | Reached skill level 8 in Invocations
 14259 | Lair:2   | Noticed a six-headed hydra
 14316 | Lair:2   | Killed a six-headed hydra
 14702 | Lair:3   | Reached ****** piety under Cheibriados
 14940 | Lair:3   | Reached skill level 8 in Throwing
 15069 | Lair:3   | Noticed a four-headed hydra
 15076 | Lair:3   | Killed a four-headed hydra
 15236 | Lair:3   | Noticed a five-headed hydra
 15241 | Lair:3   | Killed a five-headed hydra
 15407 | Lair:3   | Found the +7 sceptre of Torment {pain, torment}
 15417 | Lair:3   | Found a staircase to the Shoals.
 15976 | Lair:4   | Found a staircase to the Snake Pit.
 15978 | Lair:4   | Reached XP level 13. HP: 98/98 MP: 30/30
 16000 | Lair:4   | HP: 16/98 [catoblepas (17)]
 16251 | Lair:4   | Reached skill level 8 in Fighting
 16251 | Lair:4   | Reached skill level 8 in Short Blades
 16251 | Lair:4   | Reached skill level 8 in Long Blades
 16251 | Lair:4   | Reached skill level 8 in Axes
 16251 | Lair:4   | Reached skill level 8 in Maces & Flails
 16251 | Lair:4   | Reached skill level 8 in Polearms
 16251 | Lair:4   | Reached skill level 8 in Staves
 16251 | Lair:4   | Reached skill level 8 in Slings
 16251 | Lair:4   | Reached skill level 8 in Bows
 16251 | Lair:4   | Reached skill level 8 in Crossbows
 16251 | Lair:4   | Reached skill level 8 in Armour
 16251 | Lair:4   | Reached skill level 8 in Dodging
 16251 | Lair:4   | Reached skill level 8 in Stealth
 16251 | Lair:4   | Reached skill level 8 in Shields
 16251 | Lair:4   | Reached skill level 8 in Unarmed Combat
 16251 | Lair:4   | Reached skill level 8 in Evocations
 16800 | Lair:4   | You pick up a book of the Hunter and begin reading...
 16800 | Lair:4   | You add the spells Call Canine Familiar, Portal Projectile
                  | and Leda's Liquefaction to your library.
 18243 | Lair:5   | Reached skill level 9 in Invocations
 18477 | Lair:5   | Found a staircase to the Slime Pits.
 19283 | Lair:6   | Entered Level 6 of the Lair of Beasts
 19290 | Lair:6   | You pick up a book of Maledictions and begin reading...
 19290 | Lair:6   | You add the spells Anguish and Enfeeble to your library.
 19706 | Lair:6   | Reached skill level 9 in Conjurations
 19706 | Lair:6   | Reached skill level 7 in Hexes
 19706 | Lair:6   | Reached skill level 7 in Summonings
 19706 | Lair:6   | Reached skill level 7 in Necromancy
 19706 | Lair:6   | Reached skill level 7 in Translocations
 19706 | Lair:6   | Reached skill level 7 in Transmutations
 19706 | Lair:6   | Reached skill level 7 in Fire Magic
 19706 | Lair:6   | Reached skill level 7 in Ice Magic
 19706 | Lair:6   | Reached skill level 7 in Air Magic
 19706 | Lair:6   | Reached skill level 7 in Earth Magic
 19706 | Lair:6   | Reached skill level 7 in Poison Magic
 19912 | Lair:6   | Noticed a nameless horror
 19919 | Lair:6   | Killed a nameless horror
 20213 | Lair:6   | Found a bloodstained altar of Trog.
 20225 | Lair:6   | Found a transporter.
 20233 | Lair:6   | Found a transporter.
 20242 | Lair:6   | Reached skill level 9 in Throwing
 20242 | Lair:6   | Noticed Olebroam's ghost (journeyman OgIE)
 20245 | Lair:6   | Reached skill level 14 in Spellcasting
 20367 | Lair:6   | Found a white marble altar of Elyvilon.
 20619 | Lair:6   | HP: 19/99 [small abomination (12)]
 20623 | Lair:6   | Identified the ring "Jaresosm" {Wiz Will+}
 20625 | Lair:6   | HP: 4/100 [small abomination (12)]
 21002 | Lair:6   | Reached XP level 14. HP: 106/106 MP: 32/32
 21524 | Lair:6   | Reached skill level 9 in Fighting
 21524 | Lair:6   | Reached skill level 9 in Short Blades
 21524 | Lair:6   | Reached skill level 9 in Long Blades
 21524 | Lair:6   | Reached skill level 9 in Axes
 21524 | Lair:6   | Reached skill level 9 in Maces & Flails
 21524 | Lair:6   | Reached skill level 9 in Polearms
 21524 | Lair:6   | Reached skill level 9 in Staves
 21524 | Lair:6   | Reached skill level 9 in Slings
 21524 | Lair:6   | Reached skill level 9 in Bows
 21524 | Lair:6   | Reached skill level 9 in Crossbows
 21524 | Lair:6   | Reached skill level 9 in Armour
 21524 | Lair:6   | Reached skill level 9 in Dodging
 21524 | Lair:6   | Reached skill level 9 in Stealth
 21524 | Lair:6   | Reached skill level 9 in Shields
 21524 | Lair:6   | Reached skill level 9 in Unarmed Combat
 21524 | Lair:6   | Reached skill level 9 in Evocations
 21540 | Lair:6   | HP: 12/108 [large abomination (16)]
 21546 | Lair:6   | HP: 8/162 [nameless horror[miscasting Summon Hydra] (12)]
 21910 | Lair:6   | Found a corrupted altar of Lugonu.
 21910 | Lair:6   | Found a one-way gate to the infinite horrors of the Abyss.
 22315 | D:9      | You pick up a book of Alchemy and begin reading...
 22315 | D:9      | You add the spells Sublimation of Blood, Petrify and
                  | Irradiate to your library.
 22477 | D:9      | Found a burning altar of Makhleb.
 22629 | D:9      | Found a hide-covered altar of Uskayaw.
 22708 | D:9      | Reached skill level 10 in Invocations
 23587 | D:10     | Entered Level 10 of the Dungeon
 23800 | D:10     | Noticed Joseph
 23806 | D:10     | Killed Joseph
 24764 | D:10     | Found Anerab's Magic Scroll Shoppe.
 24773 | D:10     | Bought 3 scrolls of enchant weapon for 270 gold pieces
 25409 | D:11     | Identified the +1 robe "Tonela" {-Tele Harm Int+3}
 25947 | D:11     | Found a staircase to the Orcish Mines.
 26552 | D:12     | Noticed Gastronok
 26584 | D:12     | Killed Gastronok
 26584 | D:12     | Identified a potion of experience
 27646 | D:12     | Reached skill level 8 in Hexes
 27646 | D:12     | Reached skill level 8 in Summonings
 27646 | D:12     | Reached skill level 8 in Necromancy
 27646 | D:12     | Reached skill level 8 in Translocations
 27646 | D:12     | Reached skill level 8 in Transmutations
 27646 | D:12     | Reached skill level 8 in Fire Magic
 27646 | D:12     | Reached skill level 8 in Ice Magic
 27646 | D:12     | Reached skill level 8 in Air Magic
 27646 | D:12     | Reached skill level 8 in Earth Magic
 27646 | D:12     | Reached skill level 8 in Poison Magic
 27654 | D:12     | HP: 27/108 [poisoned by a meliai]
 27660 | D:12     | HP: 26/162 [poisoned by a meliai]
 28153 | D:12     | Reached skill level 10 in Throwing
 28203 | D:12     | HP: 25/108 [slime creature (7)]
 28822 | D:12     | Noticed Fannar
 28833 | D:12     | Killed Fannar
 28834 | D:12     | Reached XP level 15. HP: 90/115 MP: 8/33
 29381 | D:12     | You pick up a book of Necromancy and begin reading...
 29381 | D:12     | You add the spells Pain and Animate Skeleton to your
                  | library.
 29421 | D:12     | Found a portal to a secret trove of treasure.
 30201 | D:13     | Found a gate to the Vaults.
 30206 | D:13     | HP: 28/115 [two-headed ogre/+0 giant club (18)]
 30206 | D:13     | HP: 3/115 [nameless horror[miscasting Summon Hydra] (12)]
 30209 | D:13     | Reached skill level 10 in Fighting
 30209 | D:13     | Reached skill level 10 in Short Blades
 30209 | D:13     | Reached skill level 10 in Long Blades
 30209 | D:13     | Reached skill level 10 in Axes
 30209 | D:13     | Reached skill level 10 in Maces & Flails
 30209 | D:13     | Reached skill level 10 in Polearms
 30209 | D:13     | Reached skill level 10 in Staves
 30209 | D:13     | Reached skill level 10 in Slings
 30209 | D:13     | Reached skill level 10 in Bows
 30209 | D:13     | Reached skill level 10 in Crossbows
 30209 | D:13     | Reached skill level 10 in Armour
 30209 | D:13     | Reached skill level 10 in Dodging
 30209 | D:13     | Reached skill level 10 in Stealth
 30209 | D:13     | Reached skill level 10 in Shields
 30209 | D:13     | Reached skill level 10 in Unarmed Combat
 30209 | D:13     | Reached skill level 10 in Conjurations
 30209 | D:13     | Reached skill level 10 in Evocations
 30209 | D:13     | Reached XP level 16. HP: 4/122 MP: 0/34
 30211 | D:13     | Reached skill level 11 in Invocations
 30667 | D:13     | Learned a level 2 spell: Sublimation of Blood
 31030 | D:13     | Identified the +8 chain mail of Ennui {Rampage *Corrode
                  | rElec Will+}
 31426 | D:13     | magus.rc [v1.9.6]
 31510 | D:13     | You pick up a book of Fire and begin reading...
 31510 | D:13     | You add the spells Fireball, Starburst and Ignition to your
                  | library.
 32022 | D:14     | Reached skill level 15 in Spellcasting
 32455 | D:14     | Found a sparkling altar of Nemelex Xobeh.
 32514 | D:14     | Slain by a titanic slime creature

Vanquished Creatures
  Gastronok (D:12)
  8 hydras
  2 boulder beetles
  A catoblepas (Lair:4)
  An ogre mage (D:13)
  2 centaur warriors
  6 two-headed ogres
  9 nameless horrors
  3 thrashing horrors (Lair:6)
  Amaemon (Lair:2)
  3 large abominations (Lair:6)
  A manticore (D:11)
  2 ugly things (Lair:6)
  A cyclops (D:6)
  6 elephants (Lair:6)
  A merfolk siren (Lair:3)
  5 black mambas (Lair:6)
  2 smoke demons (Lair:6)
  6 cane toads
  A kobold demonologist (D:9)
  4 rime drakes
  An unseen horror (D:11)
  5 komodo dragons
  An ancient zyme (Lair:6)
  A queen bee (D:12)
  3 trolls (D:9)
  3 meliai (D:12)
  2 hornets
  4 polar bears
  Grinder (D:3)
  29 blink frogs
  2 slime creatures
  8 small abominations (Lair:6)
  A spriggan (Lair:6)
  A vampire (D:9)
  5 wyverns
  A wraith (D:10)
  2 ynoxinuls (Lair:6)
  A steam dragon (D:6)
  29 yaks
  A dancing weapon (D:9)
  A chaos spawn (Lair:6)
  5 basilisks
  10 vampire mosquitoes
  2 nagas (Lair:4)
  3 acid dragons
  9 water moccasins
  2 ice beasts
  2 black bears
  5 orc warriors
  2 ogres (D:13)
  5 wolves (Lair:5)
  7 centaurs
  4 kobold brigands
  11 bullfrogs
  4 scorpions
  8 wights
  33 killer bees
  6 howler monkeys
  An electric eel (D:7)
  A hound (D:5)
  14 jellies
  A gnoll shaman (D:9)
  4 orc priests
  4 iguanas
  11 orc wizards
  8 gnolls
  5 adders
  3 shadow imps
  3 white imps
  A worm (D:2)
  2 dart slugs
  32 orcs
  12 endoplasms
  4 giant cockroaches
  13 goblins
  4 hobgoblins
  9 jackals
  16 kobolds
  4 quokkas
  8 ball pythons
  5 bats
  3 frilled lizards
  2 rats (D:1)
  A snaplasher vine (Lair:1)
457 creatures vanquished.

Vanquished Creatures (collateral kills)
  A hydra (D:14)
  Fannar (D:12)
  A boulder beetle (D:14)
  A centaur warrior (D:13)
  2 dancing weapons (D:13)
  7 two-headed ogres
  2 deep elf pyromancers (D:14)
  An ugly thing (D:13)
  2 cyclopes
  A manticore (D:14)
  Joseph (D:10)
  3 cane toads
  A gargoyle (D:12)
  An orange demon (Lair:2)
  A kobold demonologist (D:11)
  An unseen horror (D:12)
  2 komodo dragons
  An efreet (D:13)
  A polar bear (shapeshifter) (D:14)
  2 trolls (D:12)
  5 blink frogs
  2 slime creatures (D:12)
  A shadow (D:12)
  A wraith (D:13)
  3 basilisks
  A nameless horror (D:13)
  10 yaks
  8 redbacks (D:12)
  2 vampire mosquitoes (D:12)
  2 acid dragons
  5 water moccasins
  5 orc warriors (D:11)
  A black bear (Lair:1)
  2 wights (D:10)
  9 killer bees
  An electric eel (Lair:2)
  2 orc priests
  An orc wizard (D:13)
  11 white imps (D:13)
  13 orcs
  A bush (Lair:2)
  50 foxfires
169 creatures vanquished.

Vanquished Creatures (others)
  A ynoxinul (Lair:6)
  A yak (Lair:4)
  4 dancing weapons
  An orc (D:8)
  783 foxfires
  73 fungi
  127 plants
  2 snaplasher vines
992 creatures vanquished.

Grand Total: 1618 creatures vanquished

Table legend:
 A = Non-vault XP
 B = Vault XP
 C = Vault XP percentage of total XP
 D = Non-vault monster count
 E = Vault monster count
 F = Vault count percentage of total count
                 A         B        C        D         E       F
            +---------+---------+-------+---------+---------+-------
      Total |   73673 |   29957 |  28.9 |     401 |     165 |  29.2
            +---------+---------+-------+---------+---------+-------
        D:1 |      50 |      24 |  32.4 |      28 |       7 |  20.0
        D:2 |      36 |       9 |  20.0 |      12 |       4 |  25.0
        D:3 |     169 |     286 |  62.9 |      18 |       1 |   5.3
        D:4 |      33 |       0 |   0.0 |      11 |       0 |   0.0
        D:5 |     523 |       0 |   0.0 |      20 |       0 |   0.0
        D:6 |    1828 |       0 |   0.0 |      23 |       0 |   0.0
        D:7 |     475 |       0 |   0.0 |      15 |       0 |   0.0
        D:8 |    3642 |    3003 |  45.2 |      35 |      13 |  27.1
        D:9 |    2043 |    5180 |  71.7 |      21 |      25 |  54.3
       D:10 |    4497 |     466 |   9.4 |      36 |       1 |   2.7
       D:11 |    4240 |     744 |  14.9 |      15 |      21 |  58.3
       D:12 |    7499 |    4447 |  37.2 |      28 |      20 |  41.7
       D:13 |   10332 |    1776 |  14.7 |      21 |      14 |  40.0
       D:14 |    3928 |       0 |   0.0 |       7 |       0 |   0.0
     Lair:1 |    3752 |       0 |   0.0 |      13 |       0 |   0.0
     Lair:2 |    8311 |    1172 |  12.4 |      27 |       2 |   6.9
     Lair:3 |    3975 |     490 |  11.0 |      11 |       1 |   8.3
     Lair:4 |    6770 |     313 |   4.4 |      24 |       2 |   7.7
     Lair:5 |    2723 |     513 |  15.9 |      10 |      14 |  58.3
     Lair:6 |    8847 |   11534 |  56.6 |      26 |      40 |  60.6
            +---------+---------+-------+---------+---------+-------

Illustrated notes

Table legend:
 A = Kills in this place as a percentage of kills in entire the game.
 B = Kills by you in this place as a percentage of kills by you in the entire game.
 C = Kills by friends in this place as a percentage of kills by friends in the entire game.
 D = Other kills in this place as a percentage of other kills in the entire game.
 E = Experience gained in this place as a percentage of experience gained in the entire game.
 F = Experience gained in this place divided by the number of levels of this place that you have seen.
                   A       B       C       D       E      F
               +-------+-------+-------+-------+-------+----------------------
         Total | 100.0 | 100.0 | 100.0 | 100.0 | 100.0 | 4934.8
       Dungeon |  70.0 |  68.2 |  77.8 |  33.3 |  53.3 | 3945.0
          Lair |  30.0 |  31.8 |  22.2 |  66.7 |  46.7 | 8066.7
               +-------+-------+-------+-------+-------+----------------------

Table legend: (Time is in decaauts)
 A = Elapsed time spent in this place.
 B = Non-inter-level travel time spent in this place.
 C = Inter-level travel time spent in this place.
 D = Time resting spent in this place.
 E = Time spent auto-exploring this place.
 F = Levels seen in this place.
 G = Mean time per level.
                   A        B        C        D        E       F      G
               +--------+--------+--------+--------+--------+-----+--------+
         Total |  41351 |  39965 |   1386 |  10500 |  25340 |  21 | 1969.1 |
       Dungeon |  26939 |  26040 |    899 |   7290 |  15830 |  14 | 1924.2 |
        Temple |    143 |    126 |     17 |      0 |    115 |   1 |  143.0 |
          Lair |  14268 |  13799 |    469 |   3209 |   9394 |   6 | 2378.0 |
               +--------+--------+--------+--------+--------+-----+--------+

Top non-repeatable levels by time:
    D:12: 3830 daAuts
     D:8: 3595 daAuts
  Lair:6: 3480 daAuts
  Lair:4: 2925 daAuts
    D:13: 2703 daAuts
     D:1: 2445 daAuts
  Lair:5: 2369 daAuts
  Lair:2: 2336 daAuts
    D:11: 2137 daAuts
     D:9: 2108 daAuts
    D:10: 2095 daAuts
  Lair:3: 1787 daAuts
     D:6: 1766 daAuts
     D:5: 1403 daAuts
  Lair:1: 1368 daAuts
